 Dungeon Crawl Stone Soup version 0.22-a0-126-g307c7c3 (webtiles) character file.

17 GrunderHorse the Digger (level 2, 15/15 HPs)
             Began as a Gargoyle Earth Elementalist on Jan 25, 2018.
             Quit the game on level 1 of the Dungeon on Jan 30, 2018.
             The game lasted 00:04:35 (870 turns).

GrunderHorse the Digger (GrEE)                       Turns: 870, Time: 00:04:36

Health: 15/15      AC:  4    Str: 11    XL:     2   Next: 62%
Magic:  5/5        EV: 12    Int: 15    God:
Gold:   58         SH:  0    Dex: 10    Spells: 2/5 levels left

rFire    . . .     SeeInvis .   f - +0 short sword
rCold    . . .     Gourm    .   (no shield)
rNeg     + . .     Faith    .   c - +0 robe
rPois    ∞         Spirit   .   (no helmet)
rElec    +         Reflect  .   (no cloak)
rCorr    .         Harm     .   (no gloves)
MR       .....                  (no boots)
Stlth    ++........             (no amulet)
HPRegen  0.05/turn              (no ring)
MPRegen  0.09/turn              (no ring)

@: no status effects
A: negative energy resistance 1, electricity resistance, unbreathing,
petrification resistance, rot immunity, AC +2
a: no special abilities


You were on level 1 of the Dungeon.
You were not hungry.

You visited 1 branch of the dungeon, and saw 1 of its levels.

You collected 58 gold pieces.

Inventory:

Hand Weapons
 f - a +0 short sword (weapon)
Missiles
 b - 65 stones (quivered)
Armour
 c - a +0 robe (worn)
Scrolls
 g - 3 scrolls of random uselessness {unknown}
 h - a scroll of fog {unknown}
 j - a scroll of teleportation {unknown}
 k - a scroll of fear {unknown}
 l - a scroll of immolation {unknown}
 m - a scroll of enchant weapon {unknown}
Potions
 i - 2 potions of curing {unknown}
Books
 e - a book of Geomancy

   Spells                             Type                      Level
   a - Sandblast                      Earth                        1
   b - Passwall                       Transmutation/Earth          2
   c - Stone Arrow                    Conjuration/Earth            3
   d - Petrify                        Transmutation/Earth          4
   e - Lee's Rapid Deconstruction     Earth                        5
Comestibles
 a - a chunk of flesh
 d - 4 rations


   Skills:
 - Level 1.5 Dodging
 * Level 2.8 Stealth
 + Level 2.2 Spellcasting
 - Level 0.7 Transmutations
 * Level 4.1 Earth Magic


You had 2 spell levels left.
You knew the following spells:

 Your Spells              Type           Power        Failure   Level  Hunger
a - Sandblast             Erth           ##....       4%          1    #......
b - Passwall              Tmut/Erth      #.........   12%         2    ###....


Dungeon Overview and Level Annotations

Branches:
Dungeon (1/15)

Altars:


Innate Abilities, Weirdness & Mutations

You are resistant to torment.
Your stone body is resilient. (AC +2)
You are immune to poison.
You resist negative energy. (rN+)
You are resistant to electric shocks. (rElec)
You can survive without breathing.
You are immune to petrification.
You are immune to rotting.


Message History

Okay, then.
You see here a bat corpse.
You butcher the bat corpse.
a - 2 chunks of flesh (gained 1) Some of the chunks of flesh in your inventory have rotted away.
You see here a dagger.
There is an open door here.
You open the door.
There is an open door here.
There is an open door here.
You open the door.
There is an open door here.
b - 65 stones (gained 22) Done exploring.
Done exploring.
Saving game... please wait.
Welcome back, GrunderHorse the Gargoyle Earth Elementalist.
Press ? for a list of commands and other information.
Okay, then.
Are you sure you want to abandon this character and quit the game? (Confirm with "yes".)

#....#####'###.
####.........#.
##........#.
#........##
####.##### #.##
#..#
#############.#
#.@.#.#.....#.#
#.#...###.#.#.#
#.#.#.....#.#.#
#.#.###.###.#.#
#.#.#.#...#.#.#
#.#.#.#.#.###.#
###.#.#.#.#...#
#...#.#.#.#.###
###.#...#...#


There were no monsters in sight!

Vanquished Creatures
  A giant cockroach (D:1)
  2 goblins (D:1)
  A hobgoblin (D:1)
  3 kobolds (D:1)
  3 bats (D:1)
  2 frilled lizards (D:1)
  6 rats (D:1)
18 creatures vanquished.

Notes
Turn   | Place    | Note
-------+----------+-------------------------------------------
     0 | D:1      | GrunderHorse the Gargoyle Earth Elementalist began the quest for the Orb.
     0 | D:1      | Reached XP level 1. HP: 10/10 MP: 3/3
   241 | D:1      | Reached XP level 2. HP: 12/15 MP: 0/5
   317 | D:1      | Learned a level 2 spell: Passwall
   334 | D:1      | Reached skill level 4 in Earth Magic
   870 | D:1      | Upgraded the game from 0.22-a0-99-g1ac4c55 to 0.22-a0-126-g307c7c3
   870 | D:1      | Quit the game

Vault maps used:
D:1:      onia_arrival_mini_maze

Skill      XL: |  1  2 |
---------------+-------+-----
Earth Magic    | 4 |  4.1
Dodging        | |  1.5
Stealth        | |  2.8
Spellcasting   | |  2.2
Transmutations | |  0.7

Action                   || total
-------------------------++-------
Melee: Unarmed           ||     2
       Short sword       ||    12
 Cast: Sandblast         ||    19
 Stab: Sleeping          ||     3
Armor: Robe              ||    14
Dodge: Dodged            ||    32

Table legend:
 A = Spawn XP
 B = Non-spawn XP
 C = Spawn XP percentage of total XP
 D = Spawn monster count
 E = Non-spawn monster count
 F = Spawn count percentage of total count
 G = Total turns spent on level
                    A         B        C        D         E        F      G
               +---------+---------+-------+---------+---------+-------+---------
         Total |       0 |      25 |   0.0 |       0 |      18 |   0.0 |   870
               +---------+---------+-------+---------+---------+-------+---------
           D:1 |       0 |      25 |   0.0 |       0 |      18 |   0.0 |   870
               +---------+---------+-------+---------+---------+-------+---------
